 Dungeon Crawl Stone Soup version 0.32-a0-768-g0f6f1dd4b9 (webtiles) character file.

Game seed: 17383457541397474457

366 tajemnic the Insei (level 6, -1/43 HPs)
             Began as a Demonspawn Shapeshifter on Mar 18, 2024.
             Slain by Edmund the wyvern (16 damage)
             ... on level 4 of the Dungeon.
             The game lasted 00:08:02 (3046 turns).

tajemnic the Insei (Demonspawn Shapeshifter)        Turns: 3046, Time: 00:08:03

Health: -1/43      AC:  5    Str: 14    XL:     6   Next: 40%
Magic:  6/6        EV: 11    Int: 11    God:
Gold:   165        SH:  0    Dex: 14    Spells: 5/5 levels left

rFire   . .          .
                       - Unarmed
rCold   + . .        (no shield)
rNeg    . . .        a - +1 animal skin
rPois   .            (helmet currently unavailable)
rElec   .            (cloak currently unavailable)
rCorr   .            (gloves currently unavailable)
SInv    .            (boots currently unavailable)
Will    .....        (no amulet)
Stlth   ++           r - ring of flight
HPRegen 0.27/turn    v - ring of protection from cold
MPRegen 0.10/turn

%: no passive effects
@: beast-form, flying
A: beast (slay +2), claws 1, molten scales 1, foul stench 2
a: Begin Untransformation


You were on level 4 of the Dungeon.
You were a hulking beast.
You visited 1 branch of the dungeon, and saw 4 of its levels.

You collected 165 gold pieces.

Inventory:

Armour
 a - a +1 animal skin (worn)
Jewellery
 e - a ring of ice
 r - a ring of flight (left claw)
 v - a ring of protection from cold (right claw)
Talismans
 c - a beast talisman (active)
 d - a flux talisman
Wands
 p - a wand of polymorph (2)
 x - a wand of charming (2)
Scrolls
 g - a scroll of enchant weapon
 i - 2 scrolls of blinking
 l - a scroll of vulnerability
Potions
 b - 3 potions of lignification
 h - a potion of heal wounds {unknown}
 j - a potion of cancellation
 k - a potion of resistance {unknown}
 q - 4 potions of curing
 s - a potion of magic
 u - a potion of mutation {unknown}


   Skills:
 + Level 1.6 Fighting
 + Level 2.8 Dodging
 - Level 0.7 Stealth
 + Level 5.0 Unarmed Combat
 * Level 4.0 Shapeshifting


You had 5 spell levels left.
You didn't know any spells.
Your spell library contained the following spells:

 Spells                   Type           Power      Damage    Failure   Level
 Sting                    Conj/Alch      0%         1d3       34%         1
 Mercury Vapours          Alch/Air       0%         N/A       47%         2
 Call Canine Familiar     Summ           0%         N/A       71%         3
 Passwall                 Erth           0%         N/A       71%         3
 Sigil of Binding         Hex            0%         N/A       71%         3
 Volatile Blastmotes      Fire/Tloc      0%         2d10      71%         3
 Dimensional Bullseye     Hex/Tloc       0%         N/A       98%         4
 Olgreb's Toxic Radiance  Alch           0%         N/A       98%         4
 Bombard                  Conj/Erth      0%         9d1       100%        6


Dungeon Overview and Level Annotations

Branches:
Dungeon (4/15)             Temple (0/1) D:4

Altars:
Okawaru

Shops:
D:1 (   D:2 [

Annotations:
D:4 Edmund


Innate Abilities, Weirdness & Mutations

You are a hulking beast.
Your limbs bulge with bestial killing power. (Slay +2)
You have sharp fingernails.
You are partially covered in molten scales. (AC +2)
You sometimes emit foul miasma when damaged in melee.


Message History

Aiming: Polymorph
Press: ? - help, Q - select action, (/) - cycle Shift-Dir - straight line, f - Edmund
Aim: Edmund, wielding a +4 flail of draining and wearing a +0 scale mail (will become a wolf, a wyvern, or a killer bee, chance to affect: 49%) Edmund resists with some effort.
Aiming: Polymorph
Press: ? - help, Q - select action, (/) - cycle Shift-Dir - straight line, f/p - Edmund
Aim: Edmund, wielding a +4 flail of draining and wearing a +0 scale mail (will become a wolf, a wyvern, or a killer bee, chance to affect: 49%) Edmund resists with some effort.
Aiming: Polymorph
Press: ? - help, Q - select action, (/) - cycle Shift-Dir - straight line, f/p - Edmund
Aim: Edmund, wielding a +4 flail of draining and wearing a +0 scale mail (will become a wolf, a wyvern, or a killer bee, chance to affect: 49%) Edmund resists with some effort.
Aiming: Polymorph
Press: ? - help, Q - select action, (/) - cycle Shift-Dir - straight line, f/p - Edmund
Aim: Edmund, wielding a +4 flail of draining and wearing a +0 scale mail (will become a wolf, a wyvern, or a killer bee, chance to affect: 49%) Edmund evaporates and reforms as a wyvern!
Found a scroll of silence.
Edmund closely misses you. Edmund bites you!!
You barely miss Edmund. Edmund barely misses you.
You claw Edmund!
Edmund is moderately wounded.
Edmund bites you but does no damage.
You completely miss Edmund.
Edmund is moderately wounded.
Edmund bites you!
You scratch Edmund but do no damage. You claw Edmund, but do no damage.
Edmund is moderately wounded.
Edmund barely misses you. x2
You scratch Edmund but do no damage.
Edmund is moderately wounded.
Edmund bites you.
You scratch Edmund.
Edmund is moderately wounded.
Edmund barely misses you. Edmund misses you.
You scratch Edmund but do no damage.
Edmund is moderately wounded.
Edmund closely misses you.
You closely miss Edmund.
Edmund is moderately wounded.
Edmund bites you!
You die...

* *,,,* ♣#...#######.....### *
*,,,* ##....#####........# *
**+** ##.........)...†...# * *,**
♣#........#.....)..# * **,*
♣#........#........# *
*,**♣#........#........##### *
**,*♣#......<.#.........)... *
**,**♣#........#######....... *
**,,,*♣#.....h.###### #....... *
*,,,,*♣#....k#.###### #....... *
*,,,^*##...)...?..###*#.......
*****,,**##.....(....##<*#.......
,,,,,,,,,.........$..##.*#.......
***,,,,,,...............*########
*,,,,,,............###*
******,?...$..#....#
*,,,,,,,,*,,,,*


You could see Edmund the wyvern.

Vanquished Creatures
  The ghost of Hans the Sneak, an amateur NaEn (D:3)
  A black bear (D:4)
  Ijyb (D:3)
  A mummy (D:4)
  5 adders
  3 ribbon worms
  2 dart slugs
  3 orcs
  3 endoplasms
  3 giant cockroaches (D:1)
  4 goblins
  6 hobgoblins
  5 quokkas
  7 ball pythons
  5 bats
  4 frilled lizards
  2 hobgoblin zombies (D:4)
  8 kobolds
  2 kobold zombies (D:4)
  8 rats
74 creatures vanquished.

Vanquished Creatures (collateral kills)
  3 gnolls (D:4)
  A hobgoblin (D:4)
  A kobold (D:4)
5 creatures vanquished.

Grand Total: 79 creatures vanquished

Notes
Turn   | Place    | Note
-------+----------+-------------------------------------------
     0 | D:1      | tajemnic the Demonspawn Shapeshifter began the quest for
                  | the Orb.
     0 | D:1      | Reached XP level 1. HP: 15/15 MP: 1/1
   208 | D:1      | Gained mutation: You are partially covered in molten
                  | scales. (AC +2) [demonic ancestry]
   208 | D:1      | Reached XP level 2. HP: 17/21 MP: 2/2
   417 | D:1      | Found Paur Wuco's Weapon Shoppe.
   439 | D:1      | Reached skill level 3 in Unarmed Combat
   502 | D:1      | Gained mutation: You may rarely emit foul miasma when
                  | damaged in melee. [demonic ancestry]
   502 | D:1      | Reached XP level 3. HP: 26/26 MP: 3/3
   965 | D:2      | Found Yliaze's Armour Shop.
  1773 | D:3      | Gained mutation: You have sharp fingernails. [demonic
                  | ancestry]
  1773 | D:3      | Reached XP level 4. HP: 32/32 MP: 4/4
  1805 | D:3      | Found a runed translucent door.
  1806 | D:3      | Noticed Ijyb
  1814 | D:3      | Killed Ijyb
  2423 | D:3      | Found an iron altar of Okawaru.
  2600 | D:3      | Noticed Hans's ghost (amateur NaEn)
  2617 | D:3      | Gained mutation: You sometimes emit foul miasma when
                  | damaged in melee. [demonic ancestry]
  2617 | D:3      | Reached XP level 5. HP: 37/37 MP: 5/5
  2630 | D:3      | Killed Hans's ghost
  2631 | D:3      | Reached skill level 4 in Unarmed Combat
  2631 | D:3      | Reached XP level 6. HP: 43/43 MP: 6/6
  2872 | D:4      | Found a staircase to the Ecumenical Temple.
  2964 | D:4      | Reached skill level 5 in Unarmed Combat
  2989 | D:4      | Noticed Edmund
  3037 | D:4      | Edmund changed into Edmund the wyvern
  3037 | D:4      | Noticed Edmund
  3046 | D:4      | Slain by Edmund the wyvern

Illustrated notes

Levels and vault maps discovered:
D:1:      eino_arrival_cavern_b, layout_loops_ring, serial_shops,
          nicolae_shop_stone
D:2:      layout_loops_ring, serial_shops, shop
D:3:      layout_basic, hellmonk_okawaru_the_only_friend_you_need,
          ebering_ghost_sewer_d, uniq_ijyb
D:4:      layout_basic, mainiacjoe_overflow_divided_tiny, temple_statues,
          serial_shops, nicolae_shop_getting_attention, minmay_mini_ossuary,
          uniq_crazy_yiuf_cottage, uniq_sigmund, uniq_edmund

Skill      XL: |  1  2  3  4  5  6 |
---------------+-------------------+-----
Shapeshifting  | 3 4 |  4.0
Dodging        | 2 |  2.8
Unarmed Combat | 3 4 5 |  5.0
Fighting       | |  1.6
Stealth        | |  0.7

Action                     |  1- 3 |  4- 6 || total
---------------------------+-------+-------++-------
  Melee: Unarmed           |   127 |    89 ||   216
         Punch             |     3 |     3 ||     6
  Evoke: Wand              |       |     6 ||     6
    Use: Potion            |       |     1 ||     1
         Scroll            |       |    11 ||    11
   Stab: Sleeping          |     2 |     2 ||     4
         Betrayed ally     |       |     1 ||     1
 Armour: Animal skin       |    88 |    31 ||   119
         Skin              |       |    17 ||    17
  Dodge: Dodged            |    88 |    41 ||   129

Table legend: (Time is in decaauts)
 A = Elapsed time spent in this place.
 B = Non-inter-level travel time spent in this place.
 C = Inter-level travel time spent in this place.
 D = Time resting spent in this place.
 E = Time spent auto-exploring this place.
 F = Levels seen in this place.
 G = Mean time per level.
                   A        B        C        D        E       F      G
               +--------+--------+--------+--------+--------+-----+--------+
         Total |   3030 |   2794 |    236 |     37 |   2171 |   4 |  757.5 |
       Dungeon |   3030 |   2794 |    236 |     37 |   2171 |   4 |  757.5 |
               +--------+--------+--------+--------+--------+-----+--------+

Top non-repeatable levels by time:
     D:3: 998 daAuts
     D:1: 951 daAuts
     D:2: 778 daAuts
     D:4: 303 daAuts
